 Dungeon Crawl Stone Soup version 0.31-a0-167-g1c394c0614 (webtiles) character file.

Game seed: 7966395159912087612

316 qw the Chopper (level 6, -2/38 HPs)
             Began as a Gargoyle Fighter on June 14, 2023.
             Slain by a gnoll
             ... wielding a +0 halberd
             ... led by a gnoll bouda
              (8 damage)
             ... on level 4 of the Dungeon.
             The game lasted 00:01:24 (3148 turns).

qw the Chopper (Gargoyle Fighter)                   Turns: 3148, Time: 00:01:25

Health: -2/38      AC: 13    Str: 22    XL:     6   Next: 44%
Magic:  6/6        EV:  8    Int:  8    God:
Gold:   132        SH:  5    Dex: 15    Spells: 5/5 levels left

rFire   . . .        Y - +0 war axe
rCold   . . .        c - +0 buckler
rNeg    + . .        k - +0 chain mail
rPois   inf          (no helmet)
rElec   +            (no cloak)
rCorr   .            (no gloves)
SInv    .            (no boots)
Will    .....        (no amulet) Stlth
                     f - +6 ring of dexterity
HPRegen 0.26/turn    (no ring)
MPRegen 0.10/turn

%: no passive effects
@: no status effects
A: sickness immunity, AC +4, negative energy resistance 1, electricity
resistance, torment resistance 1, petrification resistance
a: no special abilities


You were on level 4 of the Dungeon.
You visited 1 branch of the dungeon, and saw 4 of its levels.

You collected 132 gold pieces.


Innate Abilities, Weirdness & Mutations

You are immune to sickness and miasma.
Your stone body is resilient. (AC +4)
You are immune to poison.
You resist negative energy. (rN+)
You are resistant to electric shocks. (rElec)
You are resistant to unholy torment.
You are immune to petrification.


   Skills:
 - Level 4.0 Fighting
 + Level 5.3 Axes
 - Level 1.0 Throwing
 - Level 3.2 Armour
 - Level 1.0 Dodging
 - Level 3.2 Shields


You had 5 spell levels left.
You didn't know any spells.
Your spell library was empty.

Inventory:

Hand Weapons
 g - a +0 flail
 Y - a +0 war axe (weapon)
Armour
 c - a +0 buckler (worn)
 k - a +0 chain mail (worn)
Jewellery
 f - a +6 ring of dexterity (left hand)
Scrolls
 a - 6 scrolls of identify
Potions
 b - a potion of lignification {unknown}
 d - a potion of might
 e - a potion of curing

Dungeon Overview and Level Annotations

Branches:
Dungeon (4/15)
 Temple: D:4-7

Altars:
Ashenzari
Uskayaw


Message History

You slash the gnoll!
The gnoll is almost dead.
You slash the gnoll bouda! The gnoll bouda barely misses you.
You block the gnoll's attack.
The gnoll hits you from afar with a +0 halberd.
You slash the gnoll!
You kill the gnoll!
You hit the gnoll bouda.
The gnoll bouda gazes fiercely through you!
You feel your attacks grow feeble. The gnoll bouda barely misses you.
The gnoll completely misses you.
The gnoll bouda gazes fiercely through you!
You feel as though you will be weak longer.
The gnoll bouda hits you with a +0 club!
You hit the gnoll bouda.
You kill the gnoll bouda!
The gnoll hits you but does no damage. The gnoll closely misses you.
You hit the gnoll.
The gnoll is moderately wounded.
The gnoll hits you with a +0 flail.
The gnoll hits you from afar with a +0 halberd.
You slash the gnoll!
You kill the gnoll!
The gnoll hits you from afar with a +0 halberd.
The gnoll hits you with a +0 halberd.
Enter note:
Enter note: You closely miss the gnoll.
The gnoll barely misses you.
You hit the gnoll.
The gnoll is heavily wounded.
The gnoll hits you but does no damage. You block the gnoll's attack.
You hit the gnoll.
The gnoll is heavily wounded.
The gnoll barely misses you.
You closely miss the gnoll.
The gnoll is heavily wounded.
Your attacks no longer feel as feeble.
The gnoll hits you with a +0 halberd!
You die...

#.......# #.# ###.....#
#.### .###....# #...#
..##....###..##
#..#....##...##
..............#
##.###......#.###
.)...#.........)#####
##......#..###..@g.(#
##...#.....####).(..)(.
###.##..#.# ########.
####...##.#.#
.##.....###.#
##.......#..#####
....._............
.#.......###....##
.##oo...## .#.##


You could see a gnoll (swift).

Vanquished Creatures
  A gnoll bouda (D:4)
  Ijyb (D:3)
  An orc wizard (D:3)
  An iguana (D:4)
  12 gnolls
  3 adders (D:2)
  2 worms
  A dart slug (D:1)
  2 orcs (D:3)
  11 endoplasms
  2 giant cockroaches
  2 goblins
  8 hobgoblins
  2 quokkas (D:1)
  3 ball pythons
  6 bats
  4 frilled lizards
  7 kobolds
  5 rats
74 creatures vanquished.

Notes
Turn   | Place    | Note
-------+----------+-------------------------------------------
     0 | D:1      | qw the Gargoyle Fighter began the quest for the Orb.
     0 | D:1      | Reached XP level 1. HP: 14/14 MP: 1/1
     0 | D:1      | 0 ||| qw: Version: 0.2-a-29-g1fa15c8
     0 | D:1      | 0 ||| qw: Game counter: 4981
     0 | D:1      | 0 ||| qw: Always use a shield: true
     0 | D:1      | 0 ||| qw: God list: Okawaru
     0 | D:1      | 0 ||| qw: Allow faded altars: false
     0 | D:1      | 0 ||| qw: Do Orc after D:15 true
     0 | D:1      | 0 ||| qw: Do second Lair branch before Depths: true
     0 | D:1      | 0 ||| qw: Lair rune preference: random
     0 | D:1      | 0 ||| qw: Plans: Normal, Zot:1-4, Slime:5, God:TSO, Crypt,
                  | Tomb, Abyss, Pan, Hells, Win
     0 | D:1      | 0 ||| PLANNING D:1-11
    55 | D:1      | Reached skill level 2 in Axes
   113 | D:1      | Reached XP level 2. HP: 19/19 MP: 2/2
   114 | D:1      | 114 ||| Stepping ~*~*~tactically~*~*~ (hiding).
   117 | D:1      | 117 ||| Stepping ~*~*~tactically~*~*~ (hiding).
   280 | D:1      | 280 ||| Stepping ~*~*~tactically~*~*~ (hiding).
   286 | D:1      | 286 ||| Stepping ~*~*~tactically~*~*~ (stealth).
   298 | D:1      | 298 ||| FLEEEEING.
   300 | D:1      | 300 ||| FLEEEEING.
   301 | D:1      | 301 ||| FLEEEEING.
   302 | D:1      | 302 ||| FLEEEEING.
   303 | D:1      | 303 ||| FLEEEEING.
   304 | D:1      | 304 ||| FLEEEEING.
   400 | D:1      | Reached skill level 3 in Axes
   488 | D:1      | Reached XP level 3. HP: 23/23 MP: 3/3
   513 | D:1      | 513 ||| Stepping ~*~*~tactically~*~*~ (stealth).
   528 | D:1      | 528 ||| Stepping ~*~*~tactically~*~*~ (stealth).
   713 | D:1      | 713 ||| READING 3 scrolls labelled ATAUSCH AH JUQY.
   714 | D:1      | 714 ||| READING 2 scrolls of identify.
   714 | D:1      | 714 ||| IDENTIFYING fizzy brown potion
   715 | D:1      | 715 ||| DROPPING potion of brilliance.
   998 | D:2      | 998 ||| Stepping ~*~*~tactically~*~*~ (stealth).
  1015 | D:2      | Reached XP level 4. HP: 26/28 MP: 4/4
  1132 | D:2      | Reached skill level 4 in Axes
  1253 | D:2      | 1253 ||| Stepping ~*~*~tactically~*~*~ (stealth).
  1256 | D:2      | 1256 ||| Stepping ~*~*~tactically~*~*~ (stealth).
  1506 | D:2      | Reached XP level 5. HP: 32/32 MP: 5/5
  1669 | D:2      | 1669 ||| READING scroll labelled ERAKAUTOUV.
  1670 | D:2      | 1670 ||| READING scroll labelled MIOCOZXE JUTU.
  1757 | D:3      | Found a broken altar of Ashenzari.
  1875 | D:3      | Reached skill level 1 in Throwing
  2149 | D:3      | 2149 ||| Stepping ~*~*~tactically~*~*~ (stealth).
  2214 | D:3      | HP: 8/32 [something (1)]
  2221 | D:3      | Reached skill level 5 in Axes
  2359 | D:3      | Noticed Ijyb
  2360 | D:3      | 2360 ||| Stepping ~*~*~tactically~*~*~ (hiding).
  2368 | D:3      | Killed Ijyb
  2693 | D:3      | 2693 ||| UPGRADING to +0 chain mail.
  2703 | D:3      | 2703 ||| DROPPING +0 scale mail.
  2704 | D:3      | 2704 ||| UPGRADING to +6 ring of dexterity.
  2705 | D:3      | 2705 ||| READING scroll labelled XUSIAT OFALAL.
  2706 | D:3      | 2706 ||| READING scroll labelled QUTROUSCH FEIPA.
  2707 | D:3      | 2707 ||| DRINKING 2 metallic pink potions.
  2708 | D:3      | 2708 ||| READING 3 scrolls of identify.
  2708 | D:3      | 2708 ||| IDENTIFYING puce potion
  2709 | D:3      | 2709 ||| DROPPING potion of enlightenment.
  2788 | D:4      | Found a hide-covered altar of Uskayaw.
  2795 | D:4      | 2795 ||| Stepping ~*~*~tactically~*~*~ (stealth).
  2797 | D:4      | 2797 ||| Stepping ~*~*~tactically~*~*~ (stealth).
  2812 | D:4      | Reached skill level 1 in Dodging
  2812 | D:4      | Reached XP level 6. HP: 28/38 MP: 6/6
  2835 | D:4      | 2835 ||| Stepping ~*~*~tactically~*~*~ (stealth).
  2842 | D:4      | 2842 ||| Stepping ~*~*~tactically~*~*~ (stealth).
  2844 | D:4      | 2844 ||| Stepping ~*~*~tactically~*~*~ (stealth).
  2883 | D:4      | 2883 ||| Stepping ~*~*~tactically~*~*~ (hiding).
  2884 | D:4      | 2884 ||| Stepping ~*~*~tactically~*~*~ (hiding).
  2885 | D:4      | 2885 ||| Stepping ~*~*~tactically~*~*~ (hiding).
  3143 | D:4      | HP: 9/38 [gnoll/+0 halberd[a gnoll bouda] (6)]
  3148 | D:4      | Slain by a gnoll

Levels and vault maps discovered:
D:1:      ncdulo_lavacross, layout_basic, minmay_tromino_v4_b
D:2:      kennysheep_big_flooded_room, layout_basic
D:3:      layout_basic, nicolae_ashenzari_skybound, minivault_19, uniq_ijyb
D:4:      layout_rooms, lemuel_round_altar, minmay_temple_entry_nine_rooms,
          serial_shops, kennysheep_mini_moat, kennysheep_generic_room_5

Skill      XL: |  1  2  3  4  5  6 |
---------------+-------------------+-----
Axes           | 2 3 4 5 |  5.3
Throwing       | 1 |  1.0
Dodging        | 1 |  1.0
Fighting       | 4 |  4.0
Armour         | |  3.2
Shields        | |  3.2

Action                     |  1- 3 |  4- 6 || total
---------------------------+-------+-------++-------
  Melee: War axe           |    85 |   114 ||   199
  Throw: Javelin           |       |    20 ||    20
    Use: Scroll            |     2 |     5 ||     7
         Potion            |       |     1 ||     1
 Armour: Scale mail        |    35 |    57 ||    92
         Chain mail        |       |    10 ||    10
  Dodge: Dodged            |    29 |    57 ||    86
  Block: Buckler           |    17 |    17 ||    34

Table legend:
 A = Non-vault XP
 B = Vault XP
 C = Vault XP percentage of total XP
 D = Non-vault monster count
 E = Vault monster count
 F = Vault count percentage of total count
                 A         B        C        D         E       F
            +---------+---------+-------+---------+---------+-------
      Total |     400 |      52 |  11.5 |      70 |       4 |   5.4
            +---------+---------+-------+---------+---------+-------
        D:1 |      40 |       1 |   2.4 |      23 |       1 |   4.2
        D:2 |     109 |      15 |  12.1 |      23 |       2 |   8.0
        D:3 |     112 |      36 |  24.3 |      14 |       1 |   6.7
        D:4 |     139 |       0 |   0.0 |      10 |       0 |   0.0
            +---------+---------+-------+---------+---------+-------
